 Dungeon Crawl Stone Soup version 0.24-a0-181-gd121a6d (webtiles) character file.

Game seed: 16322564458100581921

74 tbh1313 the Firebug (level 4, 0/24 HPs)
             Began as a Deep Elf Fire Elementalist on Mar 15, 2019.
             Killed by divine providence
             ... invoked by an orc priest
              (12 damage)
             ... on level 3 of the Dungeon.
             The game lasted 00:04:00 (1949 turns).

tbh1313 the Firebug (Deep Elf Fire Elementalist)    Turns: 1949, Time: 00:04:01

Health: 0/24       AC:  2    Str:  5    XL:     4   Next: 10%
Magic:  7/10       EV: 13    Int: 21    God:
Gold:   126        SH:  0    Dex: 15    Spells: 8/9 levels left

rFire    . . .     SeeInvis .   m - +0 dagger
rCold    . . .     Gourm    .   (no shield)
rNeg     . . .     Faith    .   a - +0 robe
rPois    .         Spirit   .   (no helmet)
rElec    .         Reflect  .   (no cloak)
rCorr    .         Harm     .   (no gloves)
MR       .....                  (no boots)
Stlth    ++........             (no amulet)
HPRegen  0.08/turn              (no ring)
MPRegen  0.12/turn              (no ring)

@: no status effects
A: no striking features
a: no special abilities


You were on level 3 of the Dungeon.
You were not hungry.

You visited 1 branch of the dungeon, and saw 3 of its levels.

You collected 126 gold pieces.

Inventory:

Hand Weapons
 m - a +0 dagger (weapon)
Armour
 a - a +0 robe (worn)
 p - a +0 pair of gloves
Scrolls
 b - 3 scrolls of remove curse {unknown}
 e - a scroll of fear {unknown}
 g - a scroll of identify {unknown}
 i - 3 scrolls of teleportation {unknown}
 l - a scroll of enchant armour {unknown}
 n - a scroll of magic mapping {unknown}
Potions
 d - a potion of mutation {unknown}
 f - a potion of curing {unknown}
 h - 2 potions of haste {unknown}
 j - a potion of invisibility {unknown}
 k - a potion of agility {unknown}
Comestibles
 c - 6 rations
 o - a chunk of flesh


   Skills:
 - Level 2.4 Dodging
 - Level 2.4 Stealth
 - Level 3.0 Spellcasting
 * Level 3.3 Conjurations
 + Level 4.3 Fire Magic


You had 8 spell levels left.
You knew the following spells:

 Your Spells              Type           Power        Failure   Level  Hunger
a - Flame Tongue          Conj/Fire      ###..        2%          1    None

Your spell library contained the following spells:

 Spells                   Type           Power        Failure   Level  Hunger
 Throw Flame              Conj/Fire      ###...       4%          2    ##.....
 Conjure Flame            Conj/Fire      ###.....     9%          3    ###....
 Inner Flame              Hex/Fire       ##......     16%         3    ###....
 Sticky Flame             Conj/Fire      ###.....     26%         4    ####...
 Fireball                 Conj/Fire      ###.......   58%         5    ######.


Dungeon Overview and Level Annotations

Branches:
Dungeon (3/15)

Altars:
Nemelex Xobeh
Zin


Message History

The flame tongue hits the orc priest.
The orc priest is lightly wounded.
Casting: Flame Tongue (safe; 2% risk of failure)
Confirm with . or Enter, or press ? or * to list all spells.
Aiming: Flame Tongue (safe; 2% risk of failure)
Press: ? - help, Shift-Dir - straight line, f/p - orc priest
Aim: an orc priest, wielding a +0 club (lightly wounded)
The flame tongue hits the orc priest!
The orc priest is almost dead.
Casting: Flame Tongue (safe; 2% risk of failure)
Confirm with . or Enter, or press ? or * to list all spells.
Aiming: Flame Tongue (safe; 2% risk of failure)
Press: ? - help, Shift-Dir - straight line, f/p - orc priest
Aim: an orc priest, wielding a +0 club (almost dead)
The flame tongue hits the orc priest.
The orc priest is almost dead.
The orc priest calls down the wrath of Beogh upon you.
Beogh smites you!
Ouch! That really hurt!
You die...

## ## ### #.. . ..#
###.(o#####.##
....#. ..#...##
#.#.. ....... #.#.#
#o#... ##.#.# #o##o#
#####....# #.##@#
......#..# #.##.#
#####....####.##o#.#
####รท.........#
##.....#.[## ###
#...####.#.# ...
........ ..##?# ###
###...###### .# ##
##.## .


You could see an orc priest and an orc.

Levels and vault maps discovered:
D:1:      psy_arrival_dodecagon, layout_rooms, feat_on_display
D:2:      layout_loops_ring, marbit_many_paths, overflow_temple_1_default
D:3:      layout_loops_ring, fedhas_altar_3, first_ration

Notes
Turn   | Place    | Note
-------+----------+-------------------------------------------
     0 | D:1      | tbh1313 the Deep Elf Fire Elementalist began the quest for
                  | the Orb.
     0 | D:1      | Reached XP level 1. HP: 10/10 MP: 6/6
   208 | D:1      | Reached XP level 2. HP: 15/15 MP: 5/8
   419 | D:1      | Reached skill level 4 in Fire Magic
   429 | D:1      | Reached XP level 3. HP: 18/19 MP: 4/9
   652 | D:2      | Found a glowing silver altar of Zin.
  1023 | D:2      | Found a sparkling altar of Nemelex Xobeh.
  1583 | D:3      | Reached XP level 4. HP: 16/24 MP: 6/10
  1949 | D:3      | Killed from afar by an orc priest

Table legend:
 A = Turns spent in this place as a percentage of turns spent in the entire game.
 B = Non-inter-level travel turns spent in this place as a percentage of non-inter-level travel turns spent in the entire game.
 C = Inter-level travel turns spent in this place as a percentage of turns spent in this place.
 D = Turns resting spent in this place as a percentage of non-inter-level travel turns spent in this place.
 E = Turns spent auto-exploring this place as a percentage of non-inter-level travel turns spent in this place.
 F = Non-inter-level travel turns spent in this place divided by the number of levels of this place that you've seen.
                   A       B       C       D       E      F
               +-------+-------+-------+-------+-------+----------------------
         Total | 100.0 | 100.0 |   1.3 |  39.6 |  45.4 | 641.0
       Dungeon | 100.0 | 100.0 |   1.3 |  39.6 |  45.4 | 641.0
               +-------+-------+-------+-------+-------+----------------------

Table legend:
 A = Kills in this place as a percentage of kills in entire the game.
 B = Kills by you in this place as a percentage of kills by you in the entire game.
 C = Kills by friends in this place as a percentage of kills by friends in the entire game.
 D = Other kills in this place as a percentage of other kills in the entire game.
 E = Experience gained in this place as a percentage of experience gained in the entire game.
 F = Experience gained in this place divided by the number of levels of this place that you have seen.
                   A       B       C       D       E      F
               +-------+-------+-------+-------+-------+----------------------
         Total | 100.0 | 100.0 |   N/A |   N/A | 100.0 |  35.7
       Dungeon | 100.0 | 100.0 |   N/A |   N/A | 100.0 |  35.7
               +-------+-------+-------+-------+-------+----------------------

Action                   |  1- 3 |  4- 6 || total
-------------------------+-------+-------++-------
Melee: Unarmed           |     1 |       ||     1
       Short sword       |    15 |       ||    15
       Dagger            |     2 |     7 ||     9
 Cast: Flame Tongue      |    62 |     9 ||    71
 Stab: Sleeping          |     4 |       ||     4
  Eat: Chunk             |     1 |       ||     1
       Ration            |       |     1 ||     1
Armor: Robe              |     3 |     2 ||     5
Dodge: Dodged            |    33 |     2 ||    35

Vanquished Creatures
  An adder (D:3)
  A gnoll (D:1)
  2 oozes
  A worm (D:2)
  3 dart slugs
  2 leopard geckos
  A ball python (D:2)
  3 bats (D:1)
  4 giant cockroaches
  A goblin (D:2)
  5 hobgoblins
  2 frilled lizards (D:1)
  6 kobolds
  4 rats
36 creatures vanquished.
